 Dungeon Crawl Stone Soup version 0.31.0-9-g3a7656b989 (webtiles) character file.

Game seed: 7991605487578083563

32 qw the Shooter (level 3, -1/20 HPs)
             Began as a Deep Elf Hunter on Feb 2, 2024.
             Slain by a hobgoblin (4 damage)
             ... on level 1 of the Dungeon.
             The game lasted 00:00:01 (352 turns).

qw the Shooter (Deep Elf Hunter)                     Turns: 352, Time: 00:00:02

Health: -1/20      AC:  3    Str: 10    XL:     3   Next: 8%
Magic:  5/5        EV: 12    Int: 13    God:
Gold:   24         SH:  0    Dex: 18    Spells: 2/2 levels left

rFire   . . .        a - +0 shortbow
rCold   . . .        (shield currently unavailable)
rNeg    . . .        c - +0 leather armour
rPois   .            (no helmet)
rElec   .            (no cloak)
rCorr   .            (no gloves)
SInv    .            (no boots)
Will    .....        (no amulet)
Stlth   ++           (no ring)
HPRegen 0.23/turn    (no ring)
MPRegen 0.09/turn

%: no passive effects
@: no status effects
A: no striking features
a: no special abilities


You were on level 1 of the Dungeon.
You visited 1 branch of the dungeon, and saw 1 of its levels.

You collected 24 gold pieces.


   Skills:
 - Level 1.5 Fighting
 + Level 6.7 Ranged Weapons
 - Level 2.4 Dodging
 - Level 1.2 Stealth


You had 2 spell levels left.
You didn't know any spells.
Your spell library was empty.

Inventory:

Hand Weapons
 a - a +0 shortbow (weapon)
Armour
 c - a +0 leather armour (worn)
Jewellery
 h - a ring of wizardry
Scrolls
 b - a scroll of butterflies
 d - a scroll of blinking {unknown}
 e - a scroll of identify {unknown}
Potions
 f - a potion of curing {unknown}
 g - 2 potions of mutation {unknown}

Dungeon Overview and Level Annotations

Branches:
Dungeon (1/15)

Altars:

Annotations:
D:1 1 transporter


Message History

You shoot an arrow. The arrow barely misses the kobold.
You feel sick. The kobold closely misses you.
A goblin comes into view. It is wielding a +0 dagger.
The kobold hits you with a +2 short sword of venom.
You shoot an arrow. The arrow hits the kobold!
You kill the kobold!
You feel sick.
You shoot an arrow.
The arrow hits the goblin but does no damage.
You feel sick. The goblin hits you with a +0 dagger.
You shoot an arrow.
The arrow hits the goblin but does no damage.
You feel sick.
A hobgoblin comes into view.
The goblin hits you with a +0 dagger.
You shoot an arrow. The arrow closely misses the goblin.
You feel sick. The goblin hits you with a +0 dagger.
You shoot an arrow. The arrow hits the goblin.
The goblin is moderately wounded.
You feel sick.
You are no longer poisoned.
The goblin hits you with a +0 dagger.
You shoot an arrow. The arrow barely misses the goblin.
The goblin hits you with a +0 dagger.
You shoot an arrow. The arrow closely misses the goblin.
The goblin hits you with a +0 dagger.
You shoot an arrow. The arrow closely misses the goblin.
The goblin barely misses you.
You shoot an arrow.
The arrow hits the goblin but does no damage.
The goblin is moderately wounded.
The goblin misses you.
You shoot an arrow. The arrow hits the goblin.
You kill the goblin!
You shoot an arrow. The arrow barely misses the hobgoblin.
The hobgoblin hits you but does no damage.
You shoot an arrow. The arrow hits the hobgoblin.
The hobgoblin is severely wounded.
The hobgoblin hits you.
You die...

##### #...
###.###############
.)..............@)#
.........########g#
.....###.#####).....
(###.##.......).....#
#[#..##..#####.##.#.#
##..###..# .#.. ....#
#..# .# ## ###.# #...
.# # #.# ...#


You could see a hobgoblin.

Vanquished Creatures
  A dart slug (D:1)
  4 ball pythons (D:1)
  2 bats (D:1)
  An endoplasm (D:1)
  3 goblins (D:1)
  A hobgoblin (D:1)
  8 jackals (D:1)
  3 kobolds (D:1)
  A frilled lizard (D:1)
  3 rats (D:1)
27 creatures vanquished.

Notes
Turn   | Place    | Note
-------+----------+-------------------------------------------
     0 | D:1      | qw the Deep Elf Hunter began the quest for the Orb.
     0 | D:1      | Reached XP level 1. HP: 12/12 MP: 3/3
     0 | D:1      | 0 ||| qw: Version: 0.3-a-155-g5e7d8dd
     0 | D:1      | 0 ||| qw: Game counter: 2463
     0 | D:1      | 0 ||| qw: Melee chars always use a shield: true
     0 | D:1      | 0 ||| qw: God list: Okawaru
     0 | D:1      | 0 ||| qw: Allow faded altars: false
     0 | D:1      | 0 ||| qw: Do Orc after clearing Dungeon:15 true
     0 | D:1      | 0 ||| qw: Do second Lair branch before Depths: true
     0 | D:1      | 0 ||| qw: Lair rune preference: random
     0 | D:1      | 0 ||| qw: Goals: Normal
     0 | D:1      | 0 ||| PLANNING D:1-11
    85 | D:1      | Reached skill level 6 in Ranged Weapons
    85 | D:1      | Reached XP level 2. HP: 16/16 MP: 4/4
   325 | D:1      | Reached XP level 3. HP: 20/20 MP: 5/5
   345 | D:1      | HP: 5/20 [poisoned by a kobold]
   347 | D:1      | HP: 2/20 [goblin/+0 dagger (2)]
   352 | D:1      | Slain by a hobgoblin

Levels and vault maps discovered:
D:1:      spicycebolla_arrival_risky_transporter, layout_loops_ring,
          chequers_serial_rivers_large_a, minmay_tetromino_t2

Skill      XL: |  1 |
---------------+----+-----
Ranged Weapons | 6 |  6.7
Fighting       | |  1.5
Dodging        | |  2.4
Stealth        | |  1.2

Action                     || total
---------------------------++-------
   Fire: Shortbow          ||    82
 Armour: Leather armour    ||    25
  Dodge: Dodged            ||    37

Table legend:
 A = Non-vault XP
 B = Vault XP
 C = Vault XP percentage of total XP
 D = Non-vault monster count
 E = Vault monster count
 F = Vault count percentage of total count
                 A         B        C        D         E       F
            +---------+---------+-------+---------+---------+-------
      Total |      45 |       1 |   2.2 |      26 |       1 |   3.7
            +---------+---------+-------+---------+---------+-------
        D:1 |      45 |       1 |   2.2 |      26 |       1 |   3.7
            +---------+---------+-------+---------+---------+-------
